 Dungeon Crawl Stone Soup version 0.31-a0-626-g8143ab4f1d (webtiles) character file.

Game seed: 7318248087820911344

16632 kae the Mimic (level 12, -2/120 HPs)
             Began as a Red Draconian Shapeshifter on Aug 24, 2023.
             Was a Priest of Ru.
             Engulfed by a fire crab's flame (10 damage)
             ... on level 10 of the Dungeon.
             The game lasted 00:16:53 (11053 turns).

kae the Mimic (Red Draconian Shapeshifter)         Turns: 11053, Time: 00:16:53

Health: -2/120     AC:  3    Str: 22    XL:     12   Next: 11%
Magic:  12/12      EV: 12    Int: 15    God:    Ru [***...]
Gold:   834        SH:  0    Dex: 17    Spells: 11/11 levels left

rFire   . .          .
                       - Unarmed
rCold   . . .        (shield currently unavailable)
rNeg    . . .        (body armour unavailable)
rPois   .            b - melded +3 crown of Dyrovepreva {rElec Int+2 SInv}
rElec   .            (cloak currently unavailable)
rCorr   .            (gloves currently unavailable)
SInv    .            (boots currently unavailable)
Will    +....        g - amulet of regeneration
Stlth   ++           O - +4 ring of protection
HPRegen 1.20/turn    J - ring "Maykuaf" {Fly Will+ Int+6}
MPRegen 0.13/turn

%: no passive effects
@: snake-form, corroded, flying
A: constrict, boosted hp, (breathe fire), AC +8, large, unfitting armour, (fire
resistance 1), (cold-blooded), inability to read after injury 2, hated by all,
(antennae 1)
a: Begin Untransformation, Renounce Religion, Draw Out Power


You were on level 10 of the Dungeon.
You worshipped Ru.
Ru was most pleased with you.
You were an enormous anaconda.
You visited 2 branches of the dungeon, and saw 11 of its levels.
You also visited: Sewer, Ossuary and Bailey.

You collected 834 gold pieces.


Innate Abilities, Weirdness & Mutations

You are an enormous anaconda.
You have a powerful constriction melee attack.
Your maximum health is increased.
Your armour is entirely melded.
You are incapable of wielding weapons or throwing items.
((You can breathe blasts of fire.))
((Your fiery red scales are hard. (AC +8)))
You cannot fit into any form of body armour.
((Your flesh is heat resistant. (rF+)))
((You are cold-blooded and may be slowed by cold attacks.))
You sometimes lose the ability to read scrolls when taking damage.
You are hated by all.
((You have a pair of small antennae on your head.))


   Skills:
 - Level 7.0 Fighting
 - Level 5.0 Dodging
 + Level 11.9 Unarmed Combat
 + Level 13.3 Shapeshifting


You had 11 spell levels left.
You didn't know any spells.
Your spell library contained the following spells:

 Spells                   Type           Power      Damage    Failure   Level
 Necrotise                Necr           0%         1d4       26%         1
 Ensorcelled Hibernation  Hex/Ice        0%         N/A       38%         2
 Wereblood                Tmut           0%         N/A       38%         2
 Vampiric Draining        Necr           0%         2d6       63%         3
 Anguish                  Hex/Necr       0%         N/A       95%         4
 Agony                    Necr           0%         N/A       100%        5
 Irradiate                Conj/Tmut      0%         3d11      100%        5
 Yara's Violent Unravell  Hex/Tmut       0%         3d3       100%        5
 Summon Guardian Golem    Hex/Summ       Unusable   N/A       N/A         3
 Animate Armour           Summ/Erth      Unusable   N/A       N/A         4
 Spellforged Servitor     Conj/Summ      Unusable   N/A       N/A         7

Inventory:

Missiles
 f - 152 stones
 i - 23 poisoned darts
 m - 3 boomerangs
 I - 11 atropa-tipped darts
 U - a curare-tipped dart {=f}
Armour
 b - the +3 crown of Dyrovepreva (melded) {rElec Int+2 SInv}
   (You found it in a bailey)

   Int+2:     It affects your intelligence (+2).
   rElec:     It insulates you from electricity.
   SInv:      It lets you see invisible.
 K - the +3 salamander hide armour {Flames, rFlCloud rF++ rC--}
   (You found it on level 7 of the Dungeon)

   Flames:    It surrounds you with flame clouds and enhances your fire magic.
   rFlCloud:  It grants immunity to flame clouds.
   rF++:      It greatly protects you from fire.
   rC--:      It makes you very vulnerable to cold.
Magical Staves
 s - a staff of poison {!a}
   (You found it on level 4 of the Dungeon)
 w - a staff of conjuration {!a}
   (You found it on level 4 of the Dungeon)
 y - a staff of death {!a}
   (You found it on level 8 of the Dungeon)
Jewellery
 g - an amulet of regeneration (around neck)
   (You found it on level 2 of the Dungeon)
 E - a +5 ring of evasion
   (You found it on level 1 of the Dungeon)
 J - the ring "Maykuaf" (right hand) {Fly Will+ Int+6}
   (You found it on level 7 of the Dungeon)

   [ring of willpower]

   Int+6:     It affects your intelligence (+6).
   Will+:     It increases your willpower.
   Fly:       It grants you flight.
 O - a +4 ring of protection (left hand)
   (You found it in a bailey)
 P - a ring of poison resistance
   (You found it on level 4 of the Dungeon)
 S - a +6 ring of strength
   (You found it on level 6 of the Dungeon)
Talismans
 c - a flux talisman
 F - a beast talisman
 R - a serpent talisman (active)
   (You found it on level 9 of the Dungeon)
Wands
 v - a wand of paralysis (9)
   (You took it off an orc on level 8 of the Dungeon)
 C - a wand of polymorph (5)
   (You found it on level 5 of the Dungeon)
 G - a wand of digging (1)
   (You found it on level 4 of the Dungeon)
 H - a wand of roots (17)
   (You found it on level 7 of the Dungeon)
 L - a wand of flame (11)
   (You found it on level 9 of the Dungeon)
 N - a wand of mindburst (6)
   (You found it on level 10 of the Dungeon)
Scrolls
 e - 8 scrolls of amnesia
 h - 4 scrolls of teleportation {@r4}
 l - 3 scrolls of vulnerability {!r!r}
 n - 3 scrolls of revelation
 q - a scroll of poison {!r}
 t - 2 scrolls of blinking {!r}
 x - 2 scrolls of immolation {!r!r}
 B - a scroll of enchant weapon
 D - a scroll of brand weapon
 Q - a scroll of torment {!r}
Potions
 a - 4 potions of curing {@q1}
 d - 2 potions of degeneration {!q}
 j - 5 potions of brilliance
 k - 2 potions of resistance
 o - a potion of cancellation
 p - 2 potions of mutation {!q}
 r - a potion of ambrosia
 u - a potion of attraction {!q}
 z - 2 potions of invisibility
 A - 3 potions of magic
 M - a potion of might

Dungeon Overview and Level Annotations

Branches:
Dungeon (10/15) Zot: 26107  Temple (1/1) D:5 Zot: 5998     Orc (0/2) D:10
  Sewer (visited)         Ossuary (visited)          Bailey (visited)
   Lair: D:8-11

Altars:
Ashenzari
Cheibriados
Dithmenos
Elyvilon
Gozag
Kikubaaqudgha
Makhleb
Nemelex Xobeh
Okawaru
Qazlal
Ru
Sif Muna
Trog
Uskayaw
Vehumet
Wu Jian
Xom
Zin
The Shining One

Shops:
D:7

: ##.#.####.##.# #≈≈≈≈≈≈≈≈≈≈≈≈≈≈≈
#.#......##.# #≈≈≈≈≈≈≈≈≈≈≈≈≈≈≈
#.#########.#######~≈≈≈≈≈≈≈≈≈≈≈≈
##.....°............≈≈≈≈≈≈≈≈≈≈≈≈≈
.......###########..~~~~~~~≈≈≈~~≈
##.###.†.......○○###.......###.##
.#.....#########○# #####...# #.##
.#>....# #○# #...###.# ....<#.#
#S# #.......# .#.#.#.# #t#
#.......# .#.#.#.# #○# #.......#
.#.#.#.# #○# ###.....# .#.#.#.#
#.#############.# .#.#.#.#
#.#§§§§.........# .#.#.#.#
#.#§############# ...#.#.#
#.#§§.....#### .....#.#
#§#........#


You could see a fire crab.


Message History

The fire crab claws you!
You are engulfed in flames!
You focus your inner power and blind the fire crab in retribution! 😮 HP[-36]
You take 36 damage, and now have 84/120 hp.
MASSIVE DAMAGE!! (PAUSE)
You catch the helpless fire crab completely off-guard!
You hit the fire crab but do no damage.
You are engulfed in blazing flames.
You constrict the fire crab, but do no damage.
The fire crab breathes flames at you.
The blast of flame engulfs you but does no damage. 😮 HP[-11]
You take 11 damage, and now have 73/120 hp.
Unknown command.
You body-slam the fire crab!!
You kill the fire crab!
You are engulfed in blazing flames.
The entropy weaver gestures at you while chanting.
The entropic weave corrodes you! 😮 HP[-10]
You take 10 damage, and now have 63/120 hp.
Things that are here:
17 gold pieces; a fire crab corpse; 😮 HP[+1] Unknown command.
A fire crab comes into view. 😮 HP[+1] Unknown command.
The entropy weaver barely misses you.
The entropy weaver hits you but does no damage.
The entropy weaver closely misses you. The entropy weaver hits you!
* * * LOW HITPOINT WARNING * * *
😨 HP[-11]
You take 11 damage, and now have 54/120 hp.
You hit the entropy weaver. Your grab misses the entropy weaver.
The entropy weaver misses you. The entropy weaver barely misses you.
The entropy weaver misses you.
The entropy weaver hits you but does no damage. 😨 HP[+1] Unknown command.
You closely miss the entropy weaver. You grab the entropy weaver.
You constrict the entropy weaver, but do no damage.
You redirect the entropy weaver's attack!
The entropy weaver hits you.
* * * LOW HITPOINT WARNING * * *
The entropy weaver misses you. The entropy weaver hits you.
* * * LOW HITPOINT WARNING * * *
The entropy weaver closely misses you. 😨 HP[-8]
You take 8 damage, and now have 47/120 hp.
Unknown command.
You hit the entropy weaver but do no damage.
You constrict the entropy weaver. The entropy weaver misses you.
The entropy weaver barely misses you.
The entropy weaver completely misses you.
The entropy weaver hits you but does no damage.
The fire crab begins to attack, but is stunned by your conviction! 😨 HP[+1] Unknown command.
You completely miss the entropy weaver. You constrict the entropy weaver.
The entropy weaver casts a spell at you.
The entropic weave corrodes you! 😨 HP[+1] Unknown command.
You lash the entropy weaver! You constrict the entropy weaver.
The entropy weaver points at you and mumbles some strange words.
The entropic weave corrodes you! 😨 HP[+1]
You barely miss the entropy weaver.
You constrict the entropy weaver, but do no damage.
The entropy weaver begins to cast a spell, but is stunned by your conviction! 😨 HP[+1] Unknown command.
You lash the entropy weaver! You constrict the entropy weaver.
The entropy weaver hits you.
* * * LOW HITPOINT WARNING * * *
The entropy weaver hits you!
* * * LOW HITPOINT WARNING * * *
You focus your inner power and blind the entropy weaver in retribution!
The entropy weaver hits you!
* * * LOW HITPOINT WARNING * * *
The entropy weaver closely misses you.
Unknown command. 😱 HP[-35]
You take 35 damage, and now have 16/120 hp.
MASSIVE DAMAGE!! (PAUSE)
You catch the helpless entropy weaver completely off-guard!
You body-slam the entropy weaver!!
You kill the entropy weaver! 😱 HP[+1]
You body-slam the fire crab!!
Your grab misses the fire crab. 😱 HP[+1]
You hit the fire crab but do no damage. You grab the fire crab.
You constrict the fire crab. The fire crab breathes flames at you.
The blast of flame engulfs you!
* * * LOW HITPOINT WARNING * * *
Unknown command. 😱 HP[-10]
You take 10 damage, and now have 8/120 hp.
You body-slam the fire crab!!
You are engulfed in blazing flames.
You die...

Skill      XL: |  1  2  3  4  5  6  7  8  9 10 11 |
---------------+----------------------------------+-----
Fighting       | 2 3 4 5 7 |  7.0
Shapeshifting  | 4 5 6 7 9 10 12 13 | 13.3
Unarmed Combat | 4 5 7 9 10 11 | 11.9
Dodging        | 3 5 |  5.0

Action                     |  1- 3 |  4- 6 |  7- 9 | 10-12 || total
---------------------------+-------+-------+-------+-------++-------
  Melee: Unarmed           |   101 |   148 |   458 |   516 ||  1223
         Tailslap          |    10 |    22 |    80 |    85 ||   197
         Punch             |     2 |     6 |    19 |       ||    27
         Constrict         |       |       |       |    32 ||    32
 Invoke: Sacrifice Love    |       |       |       |     1 ||     1
         Sacrifice Words   |       |       |       |     1 ||     1
Ability: Breathe Fire      |       |       |     8 |    13 ||    21
  Evoke: Wand              |       |       |       |     1 ||     1
    Use: Scroll            |     2 |     1 |    11 |    12 ||    26
         Potion            |       |     5 |       |     3 ||     8
   Stab: Sleeping          |     3 |     2 |     3 |       ||     8
         Distracted        |       |       |     2 |     1 ||     3
         Invisible         |       |       |       |     2 ||     2
 Armour: Skin              |    34 |    51 |    86 |   153 ||   324
  Dodge: Dodged            |    53 |    77 |   327 |   369 ||   826
   Form: Flux              |       |       |       |     1 ||     1
         Anaconda          |       |       |       |     1 ||     1

Levels and vault maps discovered:
D:1:      onia_arrival_zoo_common, layout_basic
D:2:      layout_loops_ring, minmay_misc_feat_tiny,
          minmay_fractal_squares_gapless_5
D:3:      layout_loops_ring, marbit_many_paths,
          nicolae_overflow_ecumenical_swirl
D:4:      layout_layer_cave, nicolae_ossuary_entry_catacombs,
          dreamdust_princess_corridor, minmay_fractal_squares_diagonal_5
D:5:      layout_loops_ring, mainiacjoe_overflow_24_doors, trog_hazing_becter,
          ashenzari_altar_1, minmay_temple_entry_waves, minmay_ruined_shrine
D:6:      layout_cave_pods, cheibrodos_sewer_entry_bend, uniq_menkaure
D:7:      layout_rooms, nicolae_shop_vocational
D:8:      layout_rooms, yredelemnul_altar_generic,
          lightli_bailey_entry_fortress, uniq_joseph, uniq_maurice
D:9:      minmay_thinvault, layout_stronghold, ebering_ghost_rock_garden
D:10:     gammafunk_mikee_crab_dinner, layout_basic, overflow_temple_1_default,
          mainiacjoe_overflow_catch_the_wave, orc_0_dummy
Temple:   hellmonk_temple_forest_ring

Notes
Turn   | Place    | Note
-------+----------+-------------------------------------------
     0 | D:1      | kae the Draconian Shapeshifter began the quest for the Orb.
     0 | D:1      | Reached XP level 1. HP: 16/16 MP: 1/1
     0 | D:1      | magus.rc [v1.11.3]
     6 | D:1      | Noticed a wyvern
     6 | D:1      | Noticed a snapping turtle
     7 | D:1      | Noticed a lindwurm
     7 | D:1      | Noticed a polar bear
   315 | D:1      | Reached XP level 2. HP: 23/23 MP: 2/2
   862 | D:2      | Reached XP level 3. HP: 23/29 MP: 3/3
  1138 | D:2      | Reached skill level 2 in Fighting
  1265 | D:2      | You add the spells Summon Guardian Golem, Yara's Violent
                  | Unravelling and Spellforged Servitor to your library.
  1265 | D:2      | Got the Guide on Called Transmogrification
  1316 | D:2      | Reached XP level 4. HP: 36/36 MP: 4/4
  1519 | D:2      | Reached skill level 4 in Shapeshifting
  1949 | D:3      | Reached XP level 5. HP: 33/42 MP: 5/5
  2016 | D:3      | Gained mutation: You are clumsy. (Dex -2) [potion of
                  | mutation]
  2016 | D:3      | Gained mutation: You occasionally lose the ability to drink
                  | potions when taking damage. [potion of mutation]
  2018 | D:3      | HP: 15/63 [gnoll bouda/+0 whip (6)]
  2023 | D:3      | Reached skill level 4 in Unarmed Combat
  2026 | D:3      | Reached skill level 3 in Fighting
  2051 | D:3      | Lost mutation: You occasionally lose the ability to drink
                  | potions when taking damage. [potion of mutation]
  2051 | D:3      | Lost mutation: You are clumsy. (Dex -2) [potion of
                  | mutation]
  2051 | D:3      | Gained mutation: You are clumsy. (Dex -2) [potion of
                  | mutation]
  2051 | D:3      | Lost mutation: You are clumsy. (Dex -2) [potion of
                  | mutation]
  2051 | D:3      | Gained mutation: You have a pair of small antennae on your
                  | head. [potion of mutation]
  2289 | D:3      | Found a faded altar of an unknown god.
  2301 | D:3      | Found a stormy altar of Qazlal.
  2356 | D:3      | Found an ancient bone altar of Kikubaaqudgha.
  2471 | D:4      | Reached skill level 5 in Shapeshifting
  2473 | D:4      | Reached XP level 6. HP: 37/51 MP: 6/6
  2602 | D:4      | Reached skill level 6 in Shapeshifting
  2602 | D:4      | Your scales start taking on a fiery red colour.
  2602 | D:4      | Reached XP level 7. HP: 57/57 MP: 7/7
  2602 | D:4      | Gained mutation: Your flesh is heat resistant. (rF+) [Red
                  | Draconian growth]
  2618 | D:4      | Reached skill level 5 in Unarmed Combat
  2667 | D:4      | Found a sand-covered staircase.
  2672 | Ossuary  | Entered an ossuary
  2704 | Ossuary  | Reached skill level 7 in Shapeshifting
  2723 | Ossuary  | Reached XP level 8. HP: 42/63 MP: 8/8
  2729 | Ossuary  | Reached skill level 6 in Unarmed Combat
  2848 | Ossuary  | Reached skill level 8 in Shapeshifting
  3193 | D:4      | Reached skill level 7 in Unarmed Combat
  3196 | D:4      | HP: 13/63 [killer bee (5)]
  3201 | D:4      | HP: 10/63 [poisoned by a killer bee]
  3676 | D:4      | You fall into a shaft and drop 3 floors!
  3691 | D:7      | Reached skill level 9 in Shapeshifting
  3726 | D:6      | Found a glowing drain.
  3757 | Sewer    | Entered a sewer
  3855 | Sewer    | Found an ancient bone altar of Kikubaaqudgha.
  3864 | Sewer    | Reached XP level 9. HP: 60/69 MP: 9/9
  3882 | Sewer    | Noticed Grinder
  3902 | Sewer    | Killed Grinder
  4240 | D:6      | Reached skill level 8 in Unarmed Combat
  4240 | D:6      | Reached skill level 10 in Shapeshifting
  4525 | D:6      | Reached skill level 2 in Dodging
  4596 | D:6      | Noticed Menkaure
  4605 | D:6      | Killed Menkaure
  4651 | D:6      | You pick up a book of Necromancy and begin reading...
  4651 | D:6      | You add the spells Necrotise, Vampiric Draining and Agony
                  | to your library.
  4948 | D:5      | Entered Level 5 of the Dungeon
  5017 | D:5      | Found a shimmering altar of Xom.
  5028 | D:5      | Reached skill level 4 in Fighting
  5044 | D:5      | Reached skill level 9 in Unarmed Combat
  5109 | D:5      | Found a bloodstained altar of Trog.
  5230 | D:5      | Found a staircase to the Ecumenical Temple.
  5256 | Temple   | Entered the Ecumenical Temple
  5453 | D:5      | Reached skill level 3 in Dodging
  5467 | D:5      | Reached XP level 10. HP: 80/80 MP: 10/10
  5468 | D:5      | Found a sacrificial altar of Ru.
  5666 | D:5      | Found a broken altar of Ashenzari.
  5817 | D:5      | Became a worshipper of Ru the Awakened
  6957 | D:7      | Found Ryhioj's Vocational Training.
  6975 | D:7      | You pick up a book of Dreams and begin reading...
  6975 | D:7      | You add the spells Ensorcelled Hibernation and Anguish to
                  | your library.
  7000 | D:7      | Reached skill level 5 in Fighting
  7019 | D:7      | Identified the ring "Maykuaf" {Fly Will+ Int+6}
  7116 | D:7      | Found the +3 salamander hide armour {Flames, rFlCloud rF++
                  | rC--}
  7333 | D:8      | Noticed Maurice
  7351 | D:8      | Killed Maurice
  7352 | D:8      | Reached skill level 4 in Dodging
  7362 | D:8      | HP: 17/81 [yak (9)]
  7364 | D:8      | HP: 7/81 [yak (12)]
  7386 | D:8      | HP: 17/81 [orc priest/+0 falchion (6)]
  7392 | D:8      | HP: 18/81 [orc/+3 hand axe (3)]
  7404 | D:8      | Noticed Joseph
  7407 | D:8      | HP: 15/81 [Joseph/+0 quarterstaff (10)]
  7418 | D:7      | Killed Joseph
  7467 | D:8      | Reached skill level 5 in Dodging
  7467 | D:8      | Reached skill level 10 in Unarmed Combat
  7467 | D:8      | Reached skill level 11 in Shapeshifting
  7517 | D:8      | Found a flagged portal.
  7542 | Bailey   | Entered a bailey
  7543 | Bailey   | magus.rc [v1.11.3]
  7552 | Bailey   | Gained mutation: You are hated by all. [Ru sacrifice]
  7552 | Bailey   | Reached * piety under Ru
  7663 | Bailey   | Found a large runed translucent door.
  7663 | Bailey   | Found a large runed translucent door.
  7664 | Bailey   | Noticed a deep elf zephyrmancer
  7665 | Bailey   | Found the +3 crown of Dyrovepreva {rElec Int+2 SInv}
  7670 | Bailey   | Noticed an orc knight
  7686 | Bailey   | Killed an orc knight
  7691 | Bailey   | HP: 19/81 [orc warrior/+0 spear (11)]
  7870 | Bailey   | Killed a deep elf zephyrmancer
  7871 | Bailey   | Reached skill level 12 in Shapeshifting
  7871 | Bailey   | Reached XP level 11. HP: 56/86 MP: 11/11
  8107 | D:8      | Reached skill level 6 in Fighting
  8164 | D:8      | magus.rc [v1.11.3]
  8778 | D:9      | Noticed a boulder beetle
  8791 | D:9      | Killed a boulder beetle
  8792 | D:9      | Reached skill level 7 in Fighting
  9390 | D:9      | Noticed a two-headed ogre
  9393 | D:9      | Noticed a two-headed ogre
  9399 | D:9      | Killed a two-headed ogre
  9407 | D:9      | HP: 27/110 [two-headed ogre/+0 giant spiked club (16)]
  9407 | D:9      | HP: 12/110 [two-headed ogre/+0 giant spiked club (15)]
  9415 | D:9      | HP: 11/110 [two-headed ogre/+0 giant spiked club (5)]
  9611 | D:9      | Killed a two-headed ogre
  9612 | D:9      | Reached skill level 11 in Unarmed Combat
  9643 | D:9      | Gained mutation: You occasionally lose the ability to read
                  | scrolls when taking damage. [Ru sacrifice]
  9643 | D:9      | Gained mutation: You sometimes lose the ability to read
                  | scrolls when taking damage. [Ru sacrifice]
  9643 | D:9      | Reached ** piety under Ru
  9643 | D:9      | Reached *** piety under Ru
  9891 | D:9      | Found a runed translucent gate.
  9891 | D:9      | Found a runed translucent gate.
  9892 | D:9      | Found a runed translucent gate.
  9892 | D:9      | Noticed kaychamo's ghost (novice FoSh)
  9944 | D:9      | You pick up a book of Changes and begin reading...
  9944 | D:9      | You add the spells Wereblood and Irradiate to your library.
 10091 | D:9      | Killed kaychamo's ghost
 10146 | D:10     | Entered Level 10 of the Dungeon
 10382 | D:10     | Found a staircase to the Orcish Mines.
 10430 | D:10     | Reached skill level 13 in Shapeshifting
 10465 | D:10     | Found a white marble altar of Elyvilon.
 10481 | D:10     | Found a glowing silver altar of Zin.
 10523 | D:10     | Found a glowing golden altar of the Shining One.
 10782 | D:10     | Found a runed translucent door.
 10895 | D:10     | Noticed a fire crab
 10997 | D:10     | Killed a fire crab
 10998 | D:10     | Reached XP level 12. HP: 92/100 MP: 12/12
 11035 | D:10     | Noticed an entropy weaver
 11049 | D:10     | HP: 16/120 [entropy weaver (16)]
 11050 | D:10     | Killed an entropy weaver
 11053 | D:10     | Engulfed by a fire crab's flame

Vanquished Creatures
  An entropy weaver (D:10)
  The ghost of kaychamo the Fighter, a novice FoSh of Okawaru (D:9)
  2 two-headed ogres (D:9)
  A boulder beetle (D:9)
  2 fire crabs (D:10)
  A deep elf zephyrmancer (Bailey)
  An orc knight (Bailey)
  Maurice (D:8)
  Joseph (D:7)
  A gargoyle (D:10)
  A kobold demonologist (D:9)
  A hornet (D:9)
  Grinder (Sewer)
  2 vampires
  3 wyverns
  A steam dragon (D:8)
  11 yaks
  Menkaure (D:6)
  3 acid dragons (D:9)
  4 water moccasins
  11 orc warriors
  An ice beast (D:5)
  4 black bears
  A hornet zombie (Ossuary)
  2 sky beasts
  3 ogres
  5 centaurs (D:9)
  A phantom (D:7)
  4 kobold brigands
  2 elf zombies (D:4)
  6 bullfrogs
  A necrophage (Sewer)
  A gnoll sergeant (D:6)
  A wyvern zombie (Ossuary)
  3 elf skeletons (D:4)
  A water moccasin zombie (Ossuary)
  4 scorpions
  16 killer bees
  A howler monkey (D:5)
  3 electric eels (D:10)
  3 centaur zombies (Ossuary)
  5 jellies
  5 bullfrog zombies (Ossuary)
  A human zombie (D:4)
  7 hounds
  3 sleepcaps
  7 orc priests
  A gnoll bouda (D:3)
  2 human skeletons (D:4)
  15 mummies (Ossuary)
  3 iguanas
  6 orc wizards
  2 killer bee zombies (Ossuary)
  A howler monkey zombie (Ossuary)
  20 gnolls
  10 adders
  3 shadow imps
  2 white imps
  6 ufetubi
  An adder zombie (Sewer)
  6 worms
  4 dart slugs
  37 orcs
  8 ball pythons
  5 endoplasms
  6 giant cockroaches
  8 goblins
  11 hobgoblins
  13 jackals
  2 quokkas (D:2)
  7 bats
  A frilled lizard (D:2)
  32 kobolds
  A kobold zombie (Sewer)
  An orc skeleton (D:4)
  2 orc zombies (D:4)
  6 rats
364 creatures vanquished.

Vanquished Creatures (others)
  A bullfrog (D:9)
1 creature vanquished.

Grand Total: 365 creatures vanquished

Table legend:
 A = Non-vault XP
 B = Vault XP
 C = Vault XP percentage of total XP
 D = Non-vault monster count
 E = Vault monster count
 F = Vault count percentage of total count
                 A         B        C        D         E       F
            +---------+---------+-------+---------+---------+-------
      Total |   11345 |   12415 |  52.3 |     223 |     141 |  38.7
            +---------+---------+-------+---------+---------+-------
        D:1 |      39 |       0 |   0.0 |      23 |       0 |   0.0
        D:2 |      73 |       8 |   9.9 |      26 |       4 |  13.3
        D:3 |     193 |       2 |   1.0 |      21 |       1 |   4.5
        D:4 |     683 |     576 |  45.8 |      20 |      16 |  44.4
        D:5 |     370 |     392 |  51.4 |      14 |      16 |  53.3
        D:6 |    1317 |     174 |  11.7 |      24 |       2 |   7.7
        D:7 |    2019 |     434 |  17.7 |      26 |       1 |   3.7
        D:8 |    2001 |     574 |  22.3 |      24 |      13 |  35.1
        D:9 |    2797 |    4063 |  59.2 |      27 |      14 |  34.1
       D:10 |    1853 |    2408 |  56.5 |      18 |       3 |  14.3
      Sewer |       0 |     621 | 100.0 |       0 |      29 | 100.0
    Ossuary |       0 |    1115 | 100.0 |       0 |      29 | 100.0
     Bailey |       0 |    2048 | 100.0 |       0 |      13 | 100.0
            +---------+---------+-------+---------+---------+-------

Skill      XL: |  1  2  3  4  5  6  7  8  9 10 11 |
---------------+----------------------------------+-----
Fighting       | 2 3 4 5 7 |  7.0
Shapeshifting  | 4 5 6 7 9 10 12 13 | 13.3
Unarmed Combat | 4 5 7 9 10 11 | 11.9
Dodging        | 3 5 |  5.0

Action                     |  1- 3 |  4- 6 |  7- 9 | 10-12 || total
---------------------------+-------+-------+-------+-------++-------
  Melee: Unarmed           |   101 |   148 |   458 |   516 ||  1223
         Tailslap          |    10 |    22 |    80 |    85 ||   197
         Punch             |     2 |     6 |    19 |       ||    27
         Constrict         |       |       |       |    32 ||    32
 Invoke: Sacrifice Love    |       |       |       |     1 ||     1
         Sacrifice Words   |       |       |       |     1 ||     1
Ability: Breathe Fire      |       |       |     8 |    13 ||    21
  Evoke: Wand              |       |       |       |     1 ||     1
    Use: Scroll            |     2 |     1 |    11 |    12 ||    26
         Potion            |       |     5 |       |     3 ||     8
   Stab: Sleeping          |     3 |     2 |     3 |       ||     8
         Distracted        |       |       |     2 |     1 ||     3
         Invisible         |       |       |       |     2 ||     2
 Armour: Skin              |    34 |    51 |    86 |   153 ||   324
  Dodge: Dodged            |    53 |    77 |   327 |   369 ||   826
   Form: Flux              |       |       |       |     1 ||     1
         Anaconda          |       |       |       |     1 ||     1

Illustrated notes

Table legend:
 A = Kills in this place as a percentage of kills in the entire game.
 B = Kills by you in this place as a percentage of kills by you in the entire game.
 C = Kills by friends in this place as a percentage of kills by friends in the entire game.
 D = Other kills in this place as a percentage of other kills in the entire game.
 E = Experience gained in this place as a percentage of experience gained in the entire game.
 F = Experience gained in this place divided by the number of levels of this place that you have seen.
                   A       B       C       D       E      F
               +-------+-------+-------+-------+-------+----------------------
         Total | 100.0 | 100.0 |   N/A |   N/A | 100.0 | 1697.1
       Dungeon |  80.5 |  80.5 |   N/A |   N/A |  84.1 | 1997.6
         Sewer |   8.0 |   8.0 |   N/A |   N/A |   2.6 | 621.0
       Ossuary |   8.0 |   8.0 |   N/A |   N/A |   4.7 | 1115.0
        Bailey |   3.6 |   3.6 |   N/A |   N/A |   8.6 | 2048.0
               +-------+-------+-------+-------+-------+----------------------

Table legend: (Time is in decaauts)
 A = Elapsed time spent in this place.
 B = Non-inter-level travel time spent in this place.
 C = Inter-level travel time spent in this place.
 D = Time resting spent in this place.
 E = Time spent auto-exploring this place.
 F = Levels seen in this place.
 G = Mean time per level.
                   A        B        C        D        E       F      G
               +--------+--------+--------+--------+--------+-----+--------+
         Total |  10943 |  10559 |    384 |    377 |   7699 |  14 |  781.6 |
       Dungeon |   9848 |   9466 |    382 |    297 |   7283 |  10 |  984.8 |
        Temple |      1 |      0 |      1 |      0 |      0 |   1 |    1.0 |
         Sewer |    311 |    311 |      0 |      0 |    161 |   1 |  311.0 |
       Ossuary |    389 |    389 |      0 |     15 |    110 |   1 |  389.0 |
        Bailey |    392 |    392 |      0 |     65 |    144 |   1 |  392.0 |
               +--------+--------+--------+--------+--------+-----+--------+

Top non-repeatable levels by time:
     D:9: 1638 daAuts
     D:4: 1619 daAuts
     D:6: 975 daAuts
     D:5: 899 daAuts
    D:10: 892 daAuts
     D:2: 875 daAuts
     D:1: 852 daAuts
     D:7: 749 daAuts
     D:3: 715 daAuts
     D:8: 630 daAuts
  Bailey: 392 daAuts
 Ossuary: 389 daAuts
   Sewer: 311 daAuts
  Temple: 1 daAuts
